 Dungeon Crawl Stone Soup version 0.28.0-47-ge53b351184 (webtiles) character file.

Game seed: 12272267012648915096

480 deveboy the Ruffian (level 7, 0/61 HPs)
             Began as a Ghoul Gladiator on May 10, 2022.
             Slain by a hound (3 damage)
             ... on level 4 of the Dungeon.
             The game lasted 00:11:22 (3388 turns).

deveboy the Ruffian (Ghoul Gladiator)               Turns: 3388, Time: 00:11:22

Health: 0/61       AC:  7    Str: 20    XL:     7   Next: 11%
Magic:  6/6        EV: 11    Int:  6    God:
Gold:   164        SH:  0    Dex: 10    Spells: 6/6 levels left

rFire   . . .      SeeInvis .   l - +1 hand axe of Lameasoj {flame, Fragile rC+ rCorr Int+3}
rCold   + + .      Faith    .   (no shield)
rNeg    + + +      Spirit   .   h - +0 scale mail
rPois   ∞          Reflect  .   b - +0 helmet
rElec   .          Harm     .   (no cloak)
rCorr   +          Rampage  .   (no gloves)
Will    .....                   (no boots)
Stlth   ..........              (no amulet)
HPRegen 0.00/turn               (no ring)
MPRegen 0.10/turn               (no ring)

@: inhibited regen
A: claws 1, cold resistance 1, negative energy resistance 3, inhibited
regeneration, torment resistance 2
a: no special abilities


You were on level 4 of the Dungeon.
You visited 1 branch of the dungeon, and saw 5 of its levels.

You collected 164 gold pieces.

Inventory:

Hand Weapons
 l - the +1 hand axe of Lameasoj (weapon) {flame, Fragile rC+ rCorr Int+3}
   (You found it on level 4 of the Dungeon)

   It burns those it strikes, dealing additional fire damage.
   Big, fiery blades are also staple armaments of hydra-hunters.
   Int:       It affects your intelligence (+3).
   rC:        It protects you from cold.
   rCorr:     It protects you from acid and corrosion.
   Fragile:   It will be destroyed if unequipped.
Missiles
 c - 3 throwing nets (quivered)
Armour
 b - a +0 helmet (worn)
 h - a +0 scale mail (worn)
Scrolls
 a - a scroll of teleportation {unknown}
 d - 3 scrolls of identify {unknown}
 f - a scroll of vulnerability {unknown}
 g - a scroll of immolation {unknown}
 j - a scroll of blinking {unknown}
Potions
 e - a potion of might {unknown}
 i - a potion of attraction {unknown}
 k - a potion of berserk rage {unknown}


   Skills:
 + Level 5.0 Fighting
 - Level 1.7 Throwing
 + Level 4.6 Dodging
 + Level 5.6 Unarmed Combat


You had 6 spell levels left.
You didn't know any spells.
Your spell library contained the following spells:

 Spells                   Type           Power      Damage    Failure   Level
 Shock                    Conj/Air       0%         1d3       83%         1
 Swiftness                Air            0%         N/A       99%         3
 Airstrike                Air            0%         N/A       100%        4


Dungeon Overview and Level Annotations

Branches:
Dungeon (5/15)
 Temple: D:4-7

Altars:
Uskayaw
Vehumet


Innate Abilities, Weirdness & Mutations

You thrive by killing the living.
You are immune to poison.
You have sharp fingernails.
Your flesh is cold resistant. (rC+)
You are immune to negative energy. (rN+++)
You do not regenerate when monsters are visible.
You are immune to unholy pain and torment.


Message History

There is a stone staircase leading down here.
The hound barely misses you. The hound misses you.
The hound bites you but does no damage. The hound bites you but does no damage.
The hound barely misses you.
There is an open door here.
The hound barely misses you. The hound bites you but does no damage.
The hound closely misses you. The hound closely misses you.
The hound barely misses you. The hound bites you but does no damage.
The hound bites you but does no damage. The hound closely misses you.
The hound barely misses you. The hound barely misses you.
The hound bites you but does no damage. The hound barely misses you.
The hound bites you but does no damage. The ogre closely misses you.
The hound pauses to sniff the ground.
The hound closely misses you. The hound bites you but does no damage.
The hound misses you. The hound closely misses you.
The hound bites you but does no damage. The hound closely misses you.
The hound barely misses you. The hound barely misses you.
The hound closely misses you. The hound closely misses you.
The hound barely misses you. The hound barely misses you. The hound misses you.
The hound barely misses you. The hound bites you but does no damage.
There is a stone staircase leading down here.
The hound bites you.
* * * LOW HITPOINT WARNING * * *
The hound bites you.
You die...

#........... #...........
##.######### #÷#
#########.#########
#########....#.............
#............#.##.####.###.
#............O...........#.
#........(@h.#>.O..........
#............#########.###.
#........##### #.# ##
#........# ####### #.#
#........# #....(# #.#
#........# #.....# #.#
#........# #.....# #.#
###'###### #.....# ###.####
#O# #.(...# #......#


You could see an ogre and a hound.

Vanquished Creatures
  A black bear (D:4)
  A necrophage (D:4)
  An ogre (D:3)
  A water moccasin skeleton (D:4)
  A hound (D:4)
  8 adders
  2 ufetubi
  A worm (D:4)
  A dart slug (D:4)
  3 orcs
  5 bats
  7 endoplasms
  A giant cockroach (D:2)
  6 goblins
  6 hobgoblins
  4 kobolds
  2 quokkas
  5 ball pythons
  3 rats
59 creatures vanquished.

Notes
Turn   | Place    | Note
-------+----------+-------------------------------------------
     0 | D:1      | deveboy the Ghoul Gladiator began the quest for the Orb.
     0 | D:1      | Reached XP level 1. HP: 17/17 MP: 0/0
   212 | D:1      | You fall into a shaft and drop 1 floor!
   381 | D:2      | Reached XP level 2. HP: 12/25 MP: 1/1
  1173 | D:2      | Reached XP level 3. HP: 30/30 MP: 2/2
  1530 | D:3      | Found a hide-covered altar of Uskayaw.
  1546 | D:3      | Noticed an ogre
  1577 | D:3      | Killed an ogre
  1578 | D:3      | Reached XP level 4. HP: 22/40 MP: 3/3
  1578 | D:3      | Reached XP level 5. HP: 26/46 MP: 4/4
  2359 | D:4      | Noticed a necrophage
  2366 | D:4      | Killed a necrophage
  2367 | D:4      | Reached skill level 5 in Unarmed Combat
  2367 | D:4      | Reached XP level 6. HP: 44/53 MP: 5/5
  2784 | D:4      | Found a radiant altar of Vehumet.
  2825 | D:4      | Noticed a black bear
  2837 | D:4      | Killed a black bear
  2838 | D:4      | Reached XP level 7. HP: 47/60 MP: 6/6
  3003 | D:4      | Reached skill level 5 in Fighting
  3068 | D:4      | Identified the +1 hand axe of Lameasoj {flame, Fragile rC+
                  | rCorr Int+3}
  3302 | D:4      | You fall into a shaft and drop 1 floor!
  3302 | D:5      | Entered Level 5 of the Dungeon
  3386 | D:4      | HP: 3/61 [hound (3)]
  3388 | D:4      | Slain by a hound

Illustrated notes

Levels and vault maps discovered:
D:1:      amcnicky_arrival_wind_blow, layout_loops_cross,
          nicolae_ecumenical_lake_church, minmay_misc_feat_ornament
D:2:      layout_basic, hangedman_decor_lopped, minmay_unequal
D:3:      layout_rooms, mainiacjoe_overflow_surrounded_room
D:4:      layout_basic, vehumet_crystals
D:5:      layout_rooms, mainiacjoe_overflow_catch_the_wave, kennysheep_mini,
          temple_pool_b, gammafunk_ghost_cemetery

Skill      XL: |  1  2  3  4  5  6  7 |
---------------+----------------------+-----
Dodging        | 3 4 |  4.6
Fighting       | 3 4 5 |  5.0
Unarmed Combat | 4 5 |  5.6
Throwing       | |  1.7

Action                   |  1- 3 |  4- 6 |  7- 9 || total
-------------------------+-------+-------+-------++-------
Melee: Unarmed           |   118 |   110 |    19 ||   247
       Punch             |     1 |     3 |       ||     4
       Hand axe          |       |       |     8 ||     8
Armor: Leather armour    |    31 |       |       ||    31
       Ring mail         |    28 |     4 |       ||    32
       Scale mail        |       |    46 |    23 ||    69
Dodge: Dodged            |    91 |    61 |    48 ||   200
